 Dungeon Crawl Stone Soup version 0.20.0-4-g10b340a (webtiles) character file.

56 Kosschaser the Covered (level 3, -7/30 HPs)
             Began as a Barachi Fighter on May 28, 2017.
             Mangled by Natasha (8 damage)
             ... on level 2 of the Dungeon.
             The game lasted 00:03:10 (1147 turns).

Kosschaser the Covered (Barachi Fighter)            Turns: 1147, Time: 00:03:10

Health: -7/30      AC:  7    Str: 18    XL:     3   Next: 95%
Magic:  3/3        EV:  7    Int:  8    God:
Gold:   126        SH:  9    Dex: 11    Spells: 2/2 levels left

rFire    . . .     SeeInvis .   a - +0 long sword
rCold    . . .     Gourm    .   c - +0 shield
rNeg     . . .     Faith    .   b - +0 scale mail
rPois    .         Spirit   .   (no helmet)
rElec    .         Reflect  .   (no cloak)
rCorr    .         Harm     .   (no gloves)
MR       .....                  (no boots)
Stlth    ..........             r - amulet of inaccuracy (curse)
Regen    0.1/turn               (no ring)
MPRegen  0.1/turn               (no ring)

@: slowed, very slow
A: +LOS, swims, slowness 1, strong legs 1
a: Hop


You were on level 2 of the Dungeon.
You were hungry.

You visited 1 branch of the dungeon, and saw 2 of its levels.

You collected 126 gold pieces.

Inventory:

Hand Weapons
 a - a +0 long sword (weapon)
Armour
 b - a +0 scale mail (worn)
 c - a +0 shield (worn)
Jewellery
 j - a +4 ring of dexterity {unknown}
 r - a cursed amulet of inaccuracy (around neck)
Scrolls
 i - a scroll of remove curse {unknown}
 k - a scroll of recharging {unknown}
 n - a scroll of enchant weapon {unknown}
 p - a scroll of identify {unknown}
 q - a scroll of enchant armour {unknown}
Potions
 d - a potion of might
 e - a potion of magic {unknown}
 g - a potion of heal wounds {unknown}
 h - 2 potions of curing
 l - a potion of degeneration {unknown}
 m - a potion of haste {unknown}
Comestibles
 f - a bread ration
 o - a chunk of flesh


   Skills:
 + Level 4.1 Fighting
 + Level 3.2 Long Blades
 + Level 4.1 Armour
 + Level 0.4 Dodging
 + Level 3.8 Shields


You had 2 spell levels left.
You didn't know any spells.

Dungeon Overview and Level Annotations

Branches:
Dungeon (2/15)

Altars:

Annotations:
D:2 Natasha


Innate Abilities, Weirdness & Mutations

Shadows flee at your approach. (+LOS)
You can swim through water.
You cover ground slowly.
You can hop short distances.


Message History

Natasha closely misses you.
Okay, then.
It was a potion of curing.
You feel better. The kobold hits you with a short sword.
Natasha wildly gestures.
Natasha shimmers violently.
You block Natasha's attack.
You hit the kobold but do no damage. The kobold hits you but does no damage.
You block Natasha's attack. You block the kobold's attack.
Natasha claws you but does no damage.
You closely miss the kobold. You block the kobold's attack.
Natasha stares at you and mumbles some strange words.
You feel yourself slow down.
You hit the kobold but do no damage. You block the kobold's attack.
Natasha claws you!
* * * LOW HITPOINT WARNING * * *
The kobold hits you but does no damage. Natasha claws you.
* * * LOW HITPOINT WARNING * * *
You closely miss the kobold. You block the kobold's attack. Natasha claws you!
You die...

#.............#
#.............#
#....)..).....#
######'##########
#..............#
#..............#
#..............#
#.............[#
#.......@......#
........Kh#######
#..........#
#..........#
#..[........
...........
..........
.........##
.........#


You could see Natasha and a kobold.

Vanquished Creatures
  Natasha (D:2)
  A leopard gecko (D:1)
  2 giant cockroaches
  6 goblins
  5 hobgoblins
  5 bats
  A frilled lizard (D:2)
  4 kobolds
  4 rats
29 creatures vanquished.

Notes
Turn   | Place    | Note
-------+----------+-------------------------------------------
     0 | D:1      | Kosschaser the Barachi Fighter began the quest for the Orb.
     0 | D:1      | Reached XP level 1. HP: 18/18 MP: 1/1
   168 | D:1      | Reached XP level 2. HP: 25/25 MP: 2/2
   936 | D:2      | Reached XP level 3. HP: 29/30 MP: 3/3
   948 | D:2      | Noticed Natasha
   955 | D:2      | Killed Natasha
  1133 | D:2      | Noticed Natasha
  1146 | D:2      | HP: 1/30 [Natasha (2)]
  1147 | D:2      | Mangled by Natasha

Skill      XL: |  1  2  3 |
---------------+----------+-----
Armour         | 4 |  4.1
Fighting       | 4 |  4.1
Long Blades    | 3 |  3.2
Dodging        | |  0.4
Shields        | |  3.8

Action                   || total
-------------------------++-------
Melee: Long sword        ||   122
 Abil: Hop               ||     2
  Use: Potion            ||     1
  Eat: Chunk             ||     1
Armor: Scale mail        ||    59
Dodge: Dodged            ||    49
Block: Shield            ||    79
       Rpst.: Long sword ||    12
